 Dungeon Crawl Stone Soup version 0.31-a0-430-gf8416d752b (webtiles) character file.

Game seed: 10171643582975094261

7570 Bnni the Fencer (level 10, -4/96 HPs)
             Began as a Minotaur Fighter on July 31, 2023.
             Was a Priest of Ignis.
             Slain by an ice devil (8 damage)
             ... on level 9 of the Dungeon.
             The game lasted 00:21:21 (8955 turns).

Bnni the Fencer (Minotaur Fighter)                  Turns: 8955, Time: 00:21:21

Health: -4/96      AC: 10    Str: 21    XL:     10   Next: 97%
Magic:  9/9        EV:  9    Int:  5    God:    Ignis [***...]
Gold:   542        SH: 11    Dex: 17    Spells: 9/9 levels left

rFire   + . .        c - +0 scimitar (holy)
rCold   . . .        x - +0 kite shield
rNeg    . . .        b - +0 scale mail
rPois   .            (helmet restricted)
rElec   .            (no cloak)
rCorr   .            B - +1 pair of gloves {Dex+3}
SInv    .            r - +0 pair of boots
Will    .....        f - amulet of the acrobat Stlth
                     (no ring)
HPRegen 0.36/turn    (no ring)
MPRegen 0.11/turn

%: acrobat
@: studying Ranged Weapons
A: horns 2, retaliatory headbutt
a: Renounce Religion, Fiery Armour, Foxfire Swarm, Rising Flame


You were on level 9 of the Dungeon.
You worshipped Ignis.
Ignis was most pleased with you.
You visited 2 branches of the dungeon, and saw 10 of its levels.

You collected 542 gold pieces.

Inventory:

Hand Weapons
 c - a +0 scimitar of holy wrath (weapon)
 p - a +1 dagger of venom
Missiles
 q - 20 poisoned darts
 t - 2 throwing nets
Armour
 b - a +0 scale mail (worn)
 r - a +0 pair of boots (worn)
 x - a +0 kite shield (worn)
 B - a +1 pair of gloves of dexterity (worn)
Jewellery
 f - an amulet of the acrobat (around neck)
Wands
 l - a wand of flame (23)
 w - a wand of light (11)
Scrolls
 g - 2 scrolls of revelation
 h - a scroll of summoning
 n - 3 scrolls of enchant armour
 o - 4 scrolls of poison
 s - a scroll of enchant weapon {unknown}
 v - 2 scrolls of teleportation
 y - 2 scrolls of vulnerability {unknown}
Potions
 i - a potion of heal wounds
 j - 3 potions of mutation {unknown}
 u - a potion of magic
 z - a potion of invisibility {unknown}
 A - 2 potions of ambrosia {unknown}


   Skills:
 + Level 11.4 Fighting
 * Level 15.2 Long Blades
 + Level 3.7 Armour
 * Level 0.7 Dodging
 + Level 8.3 Shields


You had 9 spell levels left.
You didn't know any spells.
Your spell library contained the following spells:

 Spells                   Type           Power      Damage    Failure   Level
 Sandblast                Erth           0%         2d4       96%         1
 Lesser Beckoning         Tloc           0%         N/A       99%         2
 Passwall                 Tmut/Erth      0%         N/A       99%         2
 Gell's Gravitas          Tloc           0%         N/A       100%        3
 Stone Arrow              Conj/Erth      0%         3d7       100%        3
 Teleport Other           Tloc           0%         N/A       100%        3


Dungeon Overview and Level Annotations

Branches:
Dungeon (9/15)             Temple (1/1) D:5            Lair (0/5) D:9
    Orc: D:9-12

Altars:
Ashenzari
Cheibriados
Dithmenos
Elyvilon
Fedhas
Gozag
Hepliaklqana
Kikubaaqudgha
Makhleb
Nemelex Xobeh
Okawaru
Qazlal
Ru
Sif Muna
Trog
Uskayaw
Vehumet
Wu Jian
Xom
Yredelemnul
Zin
The Shining One
Ignis

Annotations:
D:8 2 transporters, Locuples's ghost, novice FoFi


Innate Abilities, Weirdness & Mutations

You have a pair of horns on your head.
You reflexively headbutt those who attack you in melee.


Message History

You closely miss the ice devil.
The ice devil is severely wounded.
The ice devil hits you! The ice devil freezes you!!
You are too injured to fight recklessly!
You hit the ice devil but do no damage.
The ice devil is severely wounded.
You barely miss the ice devil.
The ice devil is severely wounded.
You block the ice devil's attack.
You barely miss the ice devil.
The ice devil is severely wounded.
The ice devil completely misses you.
You hit the ice devil.
The ice devil convulses.
The ice devil is severely wounded.
The ice devil hits you. The ice devil freezes you!
* * * LOW HITPOINT WARNING * * *
You barely miss the ice devil.
The ice devil is severely wounded.
The ice devil hits you.
* * * LOW HITPOINT WARNING * * *
The ice devil freezes you!
* * * LOW HITPOINT WARNING * * *
Unknown command.
You hit the ice devil but do no damage.
The ice devil is severely wounded.
Unknown command.
You hit the ice devil but do no damage.
The ice devil is severely wounded.
The ice devil hits you but does no damage.
Unknown command.
You completely miss the ice devil. Your headbutt misses the ice devil.
The ice devil is severely wounded.
You block the ice devil's attack.
Unknown command.
You closely miss the ice devil. Your headbutt misses the ice devil.
The ice devil is severely wounded.
The ice devil hits you.
* * * LOW HITPOINT WARNING * * *
The ice devil freezes you!
You die...

####.[.....# ##.##...#..##
#.......#...# ##.......##.##
##....#...>### ##.#.###....##
.......# ####...####.....# .
.......#####.###.## #.....##
4.###.♣P...#.#.4@....####...#####
.....P......................[....
...............<.................
.................................
..........................(......
...............................<.
..#######.##.#.........##.......#
##.##.....)......##..##...#..##
#.......##.##.#.###...#...####


You could see an ice devil.

Vanquished Creatures
  A sun demon (D:9)
  Pikel (D:3)
  A rust devil (D:9)
  A smoke demon (D:9)
  An orange demon (D:9)
  A red devil (D:9)
  2 ice devils (D:9)
  A vampire (D:9)
  2 ynoxinuls (D:9)
  A wyvern (D:8)
  A chaos spawn (D:9)
  Menkaure (D:7)
  An acid dragon (D:8)
  4 water moccasins
  A sky beast (D:7)
  4 ice beasts
  2 ogres
  2 orc warriors (D:9)
  A black bear (D:4)
  5 centaurs
  A phantom (D:5)
  Blork the orc (D:4)
  A kobold brigand (D:7)
  7 bullfrogs
  2 gnoll sergeants
  A scorpion (D:5)
  6 killer bees (D:8)
  2 howler monkeys
  A jelly (D:6)
  A quasit (D:9)
  7 orc priests
  7 hounds
  3 iguanas
  2 sleepcaps
  7 orc wizards
  20 gnolls
  2 adders
  A shadow imp (D:5)
  A white imp (D:8)
  2 ufetubi
  2 worms
  2 dart slugs (D:1)
  39 orcs
  7 ball pythons
  7 bats
  9 endoplasms
  2 giant cockroaches
  7 goblins
  5 hobgoblins
  12 jackals
  12 kobolds
  3 quokkas
  8 frilled lizards
  3 rats
227 creatures vanquished.

Vanquished Creatures (others)
  19 foxfires (D:9)
19 creatures vanquished.

Grand Total: 246 creatures vanquished

Notes
Turn   | Place    | Note
-------+----------+-------------------------------------------
     0 | D:1      | Bnni the Minotaur Fighter began the quest for the Orb.
     0 | D:1      | Reached XP level 1. HP: 19/19 MP: 0/0
   121 | D:1      | Reached XP level 2. HP: 25/27 MP: 1/1
   141 | D:1      | Reached skill level 3 in Long Blades
   364 | D:1      | Reached XP level 3. HP: 25/33 MP: 2/2
   436 | D:1      | Found a faded altar of an unknown god.
   442 | D:1      | Prayed at the altar of an unknown god.
   442 | D:1      | Became a worshipper of Ignis, the Dying Flame
  1015 | D:2      | Reached skill level 4 in Long Blades
  1254 | D:3      | Reached XP level 4. HP: 40/40 MP: 3/3
  1823 | D:4      | Reached XP level 5. HP: 43/47 MP: 4/4
  1824 | D:4      | Reached skill level 5 in Long Blades
  1941 | D:4      | Noticed Pikel
  1941 | D:4      | Noticed a lemure
  1941 | D:4      | Noticed a lemure
  1941 | D:4      | Noticed a lemure
  1942 | D:4      | Noticed a lemure
  1965 | D:3      | Killed Pikel
  1966 | D:3      | Reached skill level 7 in Long Blades
  1966 | D:3      | Reached skill level 5 in Shields
  1966 | D:3      | Reached XP level 6. HP: 20/57 MP: 5/5
  1966 | D:3      | Reached XP level 7. HP: 22/63 MP: 6/6
  2404 | D:4      | Reached skill level 8 in Long Blades
  2558 | D:4      | Noticed Blork the orc
  2579 | D:4      | Killed Blork the orc
  3217 | D:5      | Entered Level 5 of the Dungeon
  3227 | D:5      | Reached skill level 9 in Long Blades
  3227 | D:5      | Reached XP level 8. HP: 49/73 MP: 7/7
  3487 | D:5      | Noticed a +0 hand axe
  3487 | D:5      | Noticed a +0 hand axe
  3495 | D:5      | Found a hide-covered altar of Uskayaw.
  3518 | D:5      | Reached skill level 10 in Long Blades
  3842 | D:5      | Found a staircase to the Ecumenical Temple.
  3858 | Temple   | Entered the Ecumenical Temple
  4243 | D:6      | Found an ancient bone altar of Kikubaaqudgha.
  4409 | D:6      | You fall into a shaft and drop 3 floors!
  4423 | D:9      | Noticed an orange demon
  4423 | D:9      | Noticed an ice devil
  4423 | D:9      | Noticed a smoke demon
  4423 | D:9      | Noticed an orange demon
  4443 | D:8      | Found a white marble altar of Elyvilon.
  4446 | D:8      | Reached skill level 11 in Long Blades
  4660 | D:8      | Reached XP level 9. HP: 79/82 MP: 8/8
  4942 | D:6      | Found a stormy altar of Qazlal.
  4942 | D:6      | Found a bloodstained altar of Trog.
  4972 | D:6      | Reached skill level 12 in Long Blades
  5573 | D:6      | Found an iron altar of Okawaru.
  6172 | D:7      | Noticed Menkaure
  6179 | D:7      | Killed Menkaure
  6180 | D:7      | Reached skill level 13 in Long Blades
  6324 | D:7      | Reached skill level 10 in Fighting
  6630 | D:8      | Noticed a gargoyle
  6649 | D:8      | Noticed Locuples's ghost (novice FoFi)
  6651 | D:8      | Noticed a cyclops
  6683 | D:8      | Found a transporter.
  6688 | D:8      | Identified the +4 ring mail of Qadgh {*Corrode Str+4 Int+4}
  6692 | D:8      | Found a transporter.
  7083 | D:8      | Reached XP level 10. HP: 56/93 MP: 9/9
  7247 | D:8      | Found a hazy altar of Hepliaklqana.
  7639 | D:9      | Killed an orange demon
  7643 | D:9      | Noticed a sun demon
  7718 | D:9      | Reached skill level 14 in Long Blades
  7887 | D:9      | Noticed a rust devil
  7914 | D:9      | Killed a rust devil
  8029 | D:9      | Found a staircase to the Lair.
  8178 | D:9      | Killed a sun demon
  8249 | D:9      | Reached skill level 15 in Long Blades
  8936 | D:9      | Killed a smoke demon
  8955 | D:9      | HP: 4/96 [ice devil (5)]
  8955 | D:9      | Slain by an ice devil

Illustrated notes

Levels and vault maps discovered:
D:1:      wander_arrival_abandoned_jail, layout_loops_ring,
          dreamdust_ecumenical_altar_angels_and_demons, hangedman_feature_mirror
D:2:      layout_basic, nicolae_titane
D:3:      layout_basic
D:4:      layout_basic, uniq_pikel, uniq_blork_the_orc
D:5:      layout_cave_pools, dancing_weapons_uskayaw,
          minmay_temple_entry_statues_pillars, st_stairs_7,
          nrook_mini_backslash, amcnicky_mini_corridor_feature, minmay_holes
D:6:      layout_gridville, okawaru_altar_gauntlet_db, jmf_multi_god_temple,
          mainiacjoe_overflow_alcove_1, minmay_manual_mares
D:7:      layout_loops_ring, uniq_menkaure
D:8:      layout_basic, mainiacjoe_overflow_paths, lemuel_crystal_altar,
          nzn_ghost_randoct
D:9:      layout_cross, grunt_lair_entry_orc_guard_hut, serial_demonic,
          serial_demonic_b, serial_demonic_g, serial_demonic_c,
          serial_demonic_a, serial_demonic_g, serial_demonic_d,
          serial_demonic_e, uniq_joseph
Temple:   hellmonk_temple_of_storms

Skill      XL: |  1  2  3  4  5  6  7  8  9 10 |
---------------+-------------------------------+-----
Long Blades    | 3 4 7 9 11 13 15 | 15.2
Shields        | 4 5 6 8 |  8.3
Fighting       | 4 6 7 8 10 11 | 11.4
Armour         | |  3.7
Dodging        | |  0.7

Action                     |  1- 3 |  4- 6 |  7- 9 | 10-12 || total
---------------------------+-------+-------+-------+-------++-------
  Melee: Long sword        |    76 |    59 |    46 |   133 ||   314
         Headbutt          |    10 |     9 |   127 |    46 ||   192
         Dagger            |       |       |   428 |    41 ||   469
         Scimitar          |       |       |       |    19 ||    19
 Invoke: Fiery Armour      |       |       |     1 |     3 ||     4
         Foxfire Swarm     |       |       |       |     1 ||     1
  Evoke: Wand              |       |     3 |     6 |       ||     9
    Use: Potion            |       |       |     1 |     7 ||     8
         Scroll            |       |       |     8 |       ||     8
 Armour: Scale mail        |    34 |    24 |   128 |    66 ||   252
  Dodge: Dodged            |    98 |    32 |   180 |    54 ||   364
  Block: Buckler           |    23 |    18 |    71 |       ||   112
         Kite shield       |       |       |    77 |   103 ||   180

Table legend: (Time is in decaauts)
 A = Elapsed time spent in this place.
 B = Non-inter-level travel time spent in this place.
 C = Inter-level travel time spent in this place.
 D = Time resting spent in this place.
 E = Time spent auto-exploring this place.
 F = Levels seen in this place.
 G = Mean time per level.
                   A        B        C        D        E       F      G
               +--------+--------+--------+--------+--------+-----+--------+
         Total |   8845 |   8476 |    369 |   1802 |   4814 |  10 |  884.5 |
       Dungeon |   8843 |   8474 |    369 |   1802 |   4814 |   9 |  982.6 |
        Temple |      1 |      1 |      0 |      0 |      0 |   1 |    1.0 |
               +--------+--------+--------+--------+--------+-----+--------+

Top non-repeatable levels by time:
     D:8: 1478 daAuts
     D:6: 1288 daAuts
     D:9: 1120 daAuts
     D:4: 1015 daAuts
     D:3: 990 daAuts
     D:5: 944 daAuts
     D:1: 788 daAuts
     D:7: 768 daAuts
     D:2: 450 daAuts
  Temple: 1 daAuts
